 Dungeon Crawl Stone Soup version 0.17-a0-737-gf0a300a (webtiles) character file.

41239 Ololoev the Geomancer (level 13, -6/79 HPs)
             Began as a Mummy Venom Mage on Apr 15, 2015.
             Was a High Priest of Vehumet.
             Killed from afar by a deep elf conjurer (27 damage)
             ... with a bolt of lightning
             ... on level 1 of the Elven Halls on Apr 21, 2015.
             The game lasted 02:39:04 (31887 turns).

Ololoev the Geomancer (Mummy Venom Mage)           Turns: 31887, Time: 02:39:04

Health: -6/79      AC: 11    Str: 12    XL:     13   Next: 78%
Magic:  5/27       EV: 12    Int: 19    God:    Vehumet [*****.]
Gold:   1271       SH:  8    Dex: 12    Spells: 8 memorised, 11 levels left

rFire  x . .     SeeInvis +     a - +3 short sword (venom)
rCold  + . .     Clarity  +     c - +2 robe {Archmagi}
rNeg   + + +     SustAb   +     h - +3 buckler
rPois  ∞         Gourm    .     E - +0 hat {SInv}
rElec  .         Spirit   .     m - +2 cloak
rCorr  .         Warding  .     j - +0 pair of gloves
rMut   .         Rnd*Tele +     A - +1 pair of boots
MR     +....                    G - amulet of clarity
Stlth  ++........               s - ring of teleportation
                                f - ring of sustain abilities

@: studying Translocations, repel missiles, somewhat resistant to hostile
enchantments, unstealthy
A: no food or potions, fire vulnerability, cold resistance 1, negative energy
resistance 3, torment resistance, unbreathing, in touch with death 1, restore
body
a: Self-Restoration, Renounce Religion, Evoke Teleportation


Innate Abilities, Weirdness & Mutations

You do not eat or drink.
Your flesh is vulnerable to fire.
You are immune to poison.
Your flesh is cold resistant.
You are immune to negative energy.
You are immune to unholy pain and torment.
You can survive without breathing.
You are in touch with the powers of death.
You can restore your body by infusing magical energy.

Inventory:

Hand weapons
 a - a +3 short sword of venom (weapon)
Missiles
 b - 47 stones
 r - a tomahawk of dispersal (quivered)
Armour
 c - a +2 robe of the Archmagi (worn)
 h - a +3 buckler (worn)
 j - a +0 pair of gloves (worn)
 m - a +2 cloak (worn)
 A - a +1 pair of boots (worn)
 C - a fire dragon hide
 E - a +0 hat of see invisible (worn)
Rods
 y - a -1 rod of the swarm (11/11)
   (You found it on level 2 of the Lair of Beasts)
Jewellery
 e - an uncursed ring of flight
 f - a ring of sustain abilities (left hand)
 s - a ring of teleportation (right hand)
 G - an amulet of clarity (around neck)
Magical devices
 l - a wand of draining (8)
 u - a wand of digging (14)
 v - a wand of disintegration (5)
Scrolls
 d - a scroll of blinking
 g - 6 scrolls of magic mapping
 i - 10 scrolls of remove curse
 k - a scroll of torment
 n - 2 scrolls of immolation
 p - 6 scrolls of identify
 q - 3 scrolls of fog
 t - 2 scrolls of recharging
 w - a scroll of brand weapon
 x - 4 scrolls of amnesia
 z - a scroll of teleportation
Books
 B - a manual of Translocations
Miscellaneous
 o - a sack of spiders


   Skills:
 + Level 5.0 Armour
 - Level 1.5 Dodging
 - Level 1.5 Stealth
 + Level 4.1 Shields
 + Level 10.8 Spellcasting
 - Level 4.7 Conjurations
 * Level 2.5 Charms
 * Level 3.9 Translocations
 * Level 13.8 Earth Magic
 - Level 6.6 Poison Magic


You had 11 spell levels left.
You knew the following spells:

 Your Spells              Type           Power        Failure   Level  Hunger
a - Sandblast             Erth           ######       1%          1    N/A
b - Lee's Rapid Deconstr  Erth           #######...   1%          5    N/A
c - Mephitic Cloud        Conj/Pois/Air  #####...     1%          3    N/A
d - Control Teleport      Chrm/Tloc      ####......   21%         4    N/A
e - Repel Missiles        Chrm/Air       ###...       10%         2    N/A
f - Petrify               Trmt/Erth      ######..     4%          4    N/A
g - Animate Skeleton      Necr           N/A          10%         1    N/A
h - Blink                 Tloc           N/A          1%          2    N/A


You were on level 1 of the Elven Halls.
You worshipped Vehumet.
Vehumet was extremely pleased with you.
You were not hungry.

You visited 5 branches of the dungeon, and saw 21 of its levels.
You also visited: Labyrinth and Sewer.

You collected 2282 gold pieces.
You spent 1011 gold pieces at shops.

#≈≈≈...######.#### ..
#≈≈≈.............. '..
+≈≈≈..........#### #..#
#≈≈≈.##.####..# #...#
#≈≈≈.##.# #..# #....
#≈≈≈.##'####..# #.)))
#8≈≈.......#..#
#.)#######......#..#
#..).4@.4#......#..####
#....ee..#......'......
#...4....(.)....'.(....
##########.)....#####!.
#.....'.......# #..
#..####.......#####)'
#.># #.......#......
#..# #..............
##''####..............

Notes
Turn   | Place    | Note
--------------------------------------------------------------
     0 | D:1      | Ololoev, the Mummy Venom Mage, began the quest for the Orb.
     0 | D:1      | Reached XP level 1. HP: 13/13 MP: 3/3
   285 | D:1      | Reached XP level 2. HP: 19/19 MP: 1/5
   740 | D:1      | Reached skill level 1 in Conjurations
   986 | D:1      | Reached XP level 3. HP: 24/24 MP: 3/6
  1019 | D:1      | Learned a level 3 spell: Mephitic Cloud
  1837 | D:2      | Found a glowing silver altar of Zin.
  2517 | D:2      | Reached XP level 4. HP: 30/30 MP: 3/7
  3262 | D:3      | Found a glowing drain.
  3331 | Sewer    | Entered a sewer
  3448 | Sewer    | Learned a level 4 spell: Olgreb's Toxic Radiance
  3603 | Sewer    | Reached XP level 5. HP: 35/35 MP: 6/9
  3822 | Sewer    | Noticed a giant frog
  3825 | Sewer    | Noticed a giant frog
  3858 | Sewer    | HP: 1/35 [giant frog (3)]
  3961 | Sewer    | Killed a giant frog
  3961 | Sewer    | Reached skill level 4 in Poison Magic
  4204 | Sewer    | Killed a giant frog
  4204 | Sewer    | Reached XP level 6. HP: 41/41 MP: 0/10
  4305 | D:3      | Noticed Ijyb
  4372 | D:3      | Killed Ijyb
  4661 | D:3      | Noticed Grinder
  4994 | D:3      | Noticed Crazy Yiuf
  5012 | D:3      | Killed Crazy Yiuf
  5519 | D:3      | Noticed Grinder
  5519 | D:3      | Grinder changed into Grinder the quasit
  5535 | D:3      | Killed Grinder the quasit
  5873 | D:4      | Reached skill level 1 in Shields
  5940 | D:4      | Reached XP level 7. HP: 46/46 MP: 1/12
  5968 | D:4      | Reached skill level 5 in Poison Magic
  6359 | D:4      | Found Epoc's Weapon Shop.
  6498 | D:5      | Entered Level 5 of the Dungeon
  6520 | D:5      | Found Cebrat's Gadget Boutique.
  7661 | D:6      | Found a shimmering altar of Xom.
  7761 | D:6      | Reached XP level 8. HP: 52/52 MP: 4/14
  7961 | D:6      | Reached skill level 6 in Poison Magic
  8536 | D:6      | Noticed Eustachio
  8555 | D:6      | Killed Eustachio
  8737 | D:6      | Found a staircase to the Ecumenical Temple.
  8745 | Temple   | Entered the Ecumenical Temple
  8818 | Temple   | Became a worshipper of Vehumet
  8916 | D:6      | Found a snail-covered altar of Cheibriados.
  9239 | D:6      | Learned a level 1 spell: Sandblast
  9460 | D:7      | Reached skill level 1 in Earth Magic
  9812 | D:7      | Found a deep blue altar of Sif Muna.
  9813 | D:7      | Found an ancient bone altar of Kikubaaqudgha.
  9874 | D:7      | Reached skill level 5 in Spellcasting
 10790 | D:8      | Found an iron altar of Okawaru.
 10805 | D:8      | Reached XP level 9. HP: 46/57 MP: 11/16
 10857 | D:8      | Acquired Vehumet's first power
 10857 | D:8      | Offered knowledge of Flame Tongue by Vehumet.
 10984 | D:8      | Noticed Joseph
 10984 | D:8      | Noticed Prince Ribbit
 12275 | D:9      | Found a white marble altar of Elyvilon.
 12324 | D:9      | Found Ythoh's Assorted Antiques.
 12329 | D:9      | Bought a silver ring for 130 gold pieces
 12329 | D:9      | Bought a glowing glass wand for 104 gold pieces
 12329 | D:9      | Bought a scroll labeled KYIDED YFUSIE for 26 gold pieces
 12329 | D:9      | Bought a scroll labeled OPHOL ETUIST for 26 gold pieces
 12761 | D:10     | Entered Level 10 of the Dungeon
 12761 | D:10     | Noticed Harold
 12933 | D:10     | Noticed a kobold demonologist
 12937 | D:10     | Reached skill level 5 in Earth Magic
 12950 | D:10     | Noticed a rust devil
 12988 | D:10     | Killed a kobold demonologist
 13031 | D:10     | Offered knowledge of Searing Ray by Vehumet.
 13267 | D:10     | Reached XP level 10. HP: 56/63 MP: 15/19
 13291 | D:10     | Learned a level 5 spell: Lee's Rapid Deconstruction
 13296 | D:10     | Learned a level 4 spell: Petrify
 13313 | D:10     | Noticed a purple ugly thing
 13337 | D:10     | Killed a purple ugly thing
 13691 | D:10     | Reached skill level 7 in Spellcasting
 14029 | D:10     | Upgraded the game from 0.17-a0-580-g22c127a to 0.17-a0-719-g32c6a46
 14564 | D:8      | Learned a level 1 spell: Animate Skeleton
 14648 | D:8      | Killed Joseph
 14678 | D:8      | Killed Prince Ribbit
 14763 | D:8      | Found an iron altar of Okawaru.
 14775 | D:8      | Offered knowledge of Conjure Flame by Vehumet.
 14777 | D:8      | Reached skill level 8 in Earth Magic
 14853 | D:8      | Your ally Prince Ribbit died
 14921 | D:8      | Your ally Joseph died
 15368 | D:11     | Found a staircase to the Lair.
 15369 | D:11     | Noticed a hill giant
 15381 | D:11     | Noticed a hill giant
 15390 | D:11     | Killed a hill giant
 15391 | D:11     | Killed a hill giant
 15423 | D:11     | Acquired Vehumet's second power
 15437 | D:11     | Found a staircase to the Orcish Mines.
 15447 | D:11     | Noticed a hill giant
 15457 | D:11     | Killed a hill giant
 15457 | D:11     | Reached skill level 9 in Earth Magic
 15457 | D:11     | Reached XP level 11. HP: 32/68 MP: 0/23
 15508 | D:11     | Noticed a brown ugly thing
 15516 | D:11     | Killed a brown ugly thing
 15634 | D:11     | Noticed a brown ugly thing
 15641 | D:11     | Killed a brown ugly thing
 16200 | D:11     | Noticed a centaur warrior
 16208 | D:11     | Killed a centaur warrior
 16359 | D:11     | Offered knowledge of Sticky Flame by Vehumet.
 16377 | D:11     | Reached skill level 10 in Earth Magic
 17378 | Lair:1   | Entered Level 1 of the Lair of Beasts
 17981 | Lair:1   | Reached skill level 11 in Earth Magic
 18034 | Lair:1   | Acquired Vehumet's third power
 18875 | Lair:2   | HP: 3/68 [spiny frog (14)]
 19433 | Lair:2   | Offered knowledge of Dazzling Spray by Vehumet.
 19457 | Lair:2   | Upgraded the game from 0.17-a0-719-g32c6a46 to 0.17-a0-737-gf0a300a
 20091 | Lair:2   | Reached XP level 12. HP: 74/74 MP: 25/25
 20433 | Lair:2   | Identified a -1 rod of the swarm (11/11) (You found it on level 2 of the Lair of Beasts)
 20969 | Lair:3   | Found a labyrinth entrance.
 20981 | Lab      | Entered a labyrinth
 21057 | Lab      | Reached skill level 12 in Earth Magic
 22091 | Lab      | Noticed a minotaur
 22100 | Lab      | Killed a minotaur
 22245 | Lab      | Got a shimmering longbow
 22254 | Lair:3   | Learned a level 4 spell: Control Teleport
 22398 | Lair:3   | Reached skill level 1 in Armour
 22668 | Lair:3   | Found a staircase to the Swamp.
 23431 | Lair:3   | Reached skill level 10 in Spellcasting
 23942 | Lair:4   | Noticed Rupert
 23956 | Lair:4   | Noticed a six-headed hydra
 23957 | Lair:4   | Noticed Maud
 25236 | Orc:1    | Entered Level 1 of the Orcish Mines
 25286 | Orc:2    | Found a roughly hewn altar of Beogh.
 25293 | Orc:2    | Offered knowledge of Lightning Bolt by Vehumet.
 26490 | Orc:2    | Reached skill level 13 in Earth Magic
 27065 | Orc:3    | Found an iron altar of Okawaru.
 27081 | Orc:3    | Gained mutation: You are in touch with the powers of death. [Mummy growth]
 27081 | Orc:3    | Gained mutation: You can restore your body by infusing magical energy. [Mummy growth]
 27081 | Orc:3    | Reached XP level 13. HP: 69/79 MP: 17/27
 27134 | Orc:3    | Offered knowledge of Spellforged Servitor by Vehumet.
 27366 | Orc:3    | Found a staircase to the Elven Halls.
 27878 | Orc:4    | Entered Level 4 of the Orcish Mines
 28299 | Orc:4    | Noticed Josephine
 28307 | Orc:4    | Killed Josephine
 30485 | Orc:4    | Found Qiacuotu's Book Shop.
 30485 | Orc:4    | Found Wiapuhuc's Magic Scroll Emporium.
 30487 | Orc:4    | Found Unwamah's General Store.
 30487 | Orc:4    | Found Nif Oty's Assorted Antiques.
 30498 | Orc:4    | Bought a scintillating amethyst amulet for 175 gold pieces
 30498 | Orc:4    | Bought a scroll labeled DEOFEU HAAFI for 35 gold pieces
 30500 | Orc:4    | Identified the amulet "Cir Tadu" {Stasis rPois MR+ Slay-4} (You bought it in a shop on level 4 of the Orcish Mines)
 30504 | Orc:4    | Bought a scroll of identify for 26 gold pieces
 30504 | Orc:4    | Bought a scroll of identify for 26 gold pieces
 30504 | Orc:4    | Bought a scroll of magic mapping for 45 gold pieces
 30504 | Orc:4    | Bought a scroll of identify for 26 gold pieces
 30504 | Orc:4    | Bought a scroll of identify for 26 gold pieces
 30504 | Orc:4    | Bought a scroll of fog for 26 gold pieces
 30509 | Orc:4    | Bought a book of Minor Magic for 340 gold pieces
 30513 | Orc:4    | Learned a level 2 spell: Repel Missiles
 30516 | Orc:4    | Learned a level 2 spell: Blink
 30679 | Elf:1    | Entered Level 1 of the Elven Halls
 30690 | Elf:1    | Reached skill level 1 in Charms
 30690 | Elf:1    | Reached skill level 1 in Translocations
 31636 | Elf:1    | Reached skill level 5 in Armour
 31879 | Elf:1    | Noticed a deep elf sorcerer
 31887 | Elf:1    | Killed from afar by a deep elf conjurer

Dungeon Overview and Level Annotations

Branches:
Dungeon (11/15)            Temple (1/1) D:6            Lair (4/8) D:11
  Swamp (0/5) Lair:3          Orc (4/4) D:11            Elf (1/3) Orc:3
  Snake: Lair:3-6    Spider: Lair:3-6

Altars:
Ashenzari
Cheibriados
Dithmenos
Elyvilon
Fedhas
Gozag
Kikubaaqudgha
Makhleb
Nemelex Xobeh
Okawaru
Qazlal
Ru
Sif Muna
Trog
Vehumet
Xom
Yredelemnul
Zin
The Shining One
Beogh

Shops:
D:4 (   D:5 }   D:9 *   Orc:4 ?**:

Annotations:
D:10 Harold
Lair:4 Maud, Rupert


Message History

You feel a surge of power!
The wall shatters!
The blast of rock fragments hits the deep elf conjurer.
The deep elf conjurer is severely wounded.
The blast of rock fragments hits the deep elf sorcerer.
The deep elf sorcerer is severely wounded.
Casting: Lee's Rapid Deconstruction
Confirm with . or Enter, or press ? or * to list all spells.
You don't have enough magic to cast that spell.
The deep elf sorcerer casts a spell.
You barely miss the deep elf sorcerer.
The deep elf sorcerer is severely wounded.
The sixfirhy hits you. The sixfirhy shocks you!
The sixfirhy hits you but does no damage. x2
The deep elf sorcerer mumbles some strange words.
The deep elf sorcerer seems to speed up.
The sixfirhy misses you. You block the sixfirhy's attack.
Put on which piece of jewellery? (? for menu, Esc to quit)
You're wearing all the rings you can.
Remove which one? (? for menu, Esc to cancel) < or
f - a ring of sustain abilities; > or
e - a ring of flight You remove your ring of flight.
You feel slightly jumpy.
s - a ring of teleportation (right hand)
You block the deep elf sorcerer's attack.
Use which ability? (? or * to list)
You fail to use your ability.
The deep elf sorcerer closely misses you.
The deep elf conjurer hits you with a long sword.
You block the sixfirhy's attack.
Use which ability? (? or * to list)
You fail to use your ability.
The sixfirhy hits you! The sixfirhy shocks you! The sixfirhy hits you!
The sixfirhy shocks you!
You block the deep elf sorcerer's attack.
The sixfirhy hits you. The sixfirhy shocks you!
You block the sixfirhy's attack.
The deep elf sorcerer gestures wildly while chanting.
The deep elf conjurer casts a spell at you.
The bolt of lightning hits you!
You die...

You could see a deep elf sorcerer, a hellwing, a deep elf conjurer, a sixfirhy and a blue devil.

Vanquished Creatures
  A minotaur (Lab)
  Josephine (Orc:4)
  A centaur warrior (D:11)
  2 orc high priests (Orc:4)
  4 deep elf knights (Elf:1)
  A swamp dragon (Lair:3)
  2 deep elf summoners (Elf:1)
  2 hill giants (D:11)
  2 unseen horrors (Lab)
  5 orc knights
  2 ugly things
  5 deep elf conjurers (Elf:1)
  A griffon (Lair:2)
  5 orc sorcerers
  A cyclops (Orc:3)
  An elephant (Lair:4)
  Joseph (D:8)
  A black mamba (Lair:3)
  2 torpor snails
  9 spiny frogs
  2 fire drakes (Lair:4)
  2 komodo dragons
  3 deep elf priests (Elf:1)
  A kobold demonologist (D:10)
  A baby alligator (Lair:3)
  4 wandering mushrooms (Lair:1)
  Prince Ribbit (D:8)
  2 trolls
  4 slime creatures (D:11)
  3 wraiths (Orc:4)
  A trapdoor spider (D:11)
  A wyvern (D:10)
  5 spriggans (Lair:3)
  5 hippogriffs
  5 deep elf magi
  Eustachio (D:6)
  A basilisk (Lair:3)
  10 yaks
  A hungry ghost (D:9)
  A wolf (Lair:4)
  8 deep elf fighters (Elf:1)
  3 wargs
  4 porcupines
  26 orc warriors
  2 black bears (D:10)
  3 necrophages
  3 water moccasins (Lair:1)
  3 ice beasts
  A phantom (D:10)
  2 sky beasts
  12 ogres
  An eye of draining (D:10)
  2 centaurs
  2 big kobolds
  A gnoll sergeant (D:8)
  6 crocodiles
  10 giant frogs
  A scorpion (D:8)
  An electric eel (Lair:1)
  A goliath beetle (Lab)
  2 quasits
  4 crimson imps
  A wasp zombie (D:10)
  20 orc priests
  27 orc wizards
  3 jellies
  Crazy Yiuf (D:3)
  Ijyb (D:3)
  3 giant frog skeletons (D:10)
  2 centaur skeletons
  2 giant frog zombies
  3 hounds
  9 iguanas
  6 worker ants
  2 killer bee zombies
  4 sheep (Lair:3)
  2 hound zombies
  2 worker ant zombies (D:5)
  13 adders
  11 gnolls
  29 river rats
  7 shadow imps
  An ooze (D:2)
  3 worms
  9 giant geckos
  132 orcs
  A bat skeleton (D:5)
  A bat zombie (D:5)
  16 goblins
  24 hobgoblins
  14 jackals
  6 quokkas
  8 ball pythons
  18 bats
  13 giant cockroaches
  A giant gecko zombie (D:5)
  13 giant newts
  2 jackal skeletons
  31 kobolds
  22 rats
  A ballistomycete (D:7)
  A butterfly (Lab)
  A fungus (Lair:1)
667 creatures vanquished.

Vanquished Creatures (collateral kills)
  A hill giant (D:11)
  A griffon (Lair:3)
  An ugly thing (D:11)
  A komodo dragon (Lair:2)
  A deep elf mage (D:11)
  A yak (Lair:1)
  A hippogriff (Lair:4)
  A porcupine (Lair:3)
  An ice beast (D:8)
  A sky beast (D:8)
  2 giant frogs
  A centaur zombie (D:11)
  An iguana (Lair:2)
  2 sheep (Lair:3)
  3 river rats (Lair:4)
  6 orcs
  A kobold (D:11)
26 creatures vanquished.

Vanquished Creatures (others)
  An orc high priest (Orc:4)
  A spriggan (Lair:3)
  A vampire mosquito (Lab)
  An orc warrior (Orc:4)
  2 spiders
  A goliath beetle (Lair:4)
  2 orc wizards (Orc:4)
  A bat zombie (D:4)
  A giant spore (D:7)
  2 fungi
  A plant (Lair:3)
14 creatures vanquished.

Grand Total: 707 creatures vanquished

Action                   |  1- 3 |  4- 6 |  7- 9 | 10-12 | 13-15 || total
-------------------------+-------+-------+-------+-------+-------++-------
Melee: Unarmed           |     7 |       |       |       |       ||     7
       Dagger            |    25 |    77 |       |       |       ||   102
       Quarterstaff      |       |    47 |    57 |       |       ||   104
       Short sword       |       |       |   232 |   334 |   114 ||   680
Throw: Tomahawk          |       |       |     2 |     1 |     1 ||     4
 Cast: Sting             |    88 |   143 |   185 |    24 |       ||   440
       Mephitic Cloud    |       |    10 |    11 |    23 |       ||    44
       Olgreb's Toxic Ra |       |     3 |    24 |    11 |       ||    38
       Sandblast         |       |       |    53 |   250 |    37 ||   340
       Animate Skeleton  |       |       |       |    58 |    21 ||    79
       Lee's Rapid Decon |       |       |       |   132 |   115 ||   247
       Petrify           |       |       |       |    22 |    12 ||    34
       Repel Missiles    |       |       |       |       |     1 ||     1
 Abil: Evoke Flight      |       |     2 |       |       |       ||     2
Evoke: Wand              |       |       |       |     2 |       ||     2
       Rod               |       |       |       |     6 |       ||     6
  Use: Scroll            |       |     5 |    12 |    17 |     6 ||    40
 Stab: Confused          |       |     2 |       |     2 |       ||     4
       Sleeping          |       |     1 |     1 |     1 |       ||     3
       Distracted        |       |       |       |     1 |     3 ||     4
       Petrified         |       |       |       |     1 |       ||     1

Vault maps used:
D:1:      onia_arrival_pyramid, minmay_shallow_snake_nest
D:2:      zin_statuary
D:3:      portal_sewer_entry_e, uniq_grinder, uniq_crazy_yiuf_cottage, uniq_iyjb
D:4:      serial_shops, shop
D:5:      serial_shops, nicolae_shop_waterfront, first_bread,
          hangedman_decor_riveting
D:6:      lemuel_doored_altar, nicolae_overflow_crystal_walls,
          minmay_temple_entry_mist, lightli_orcish_oven, uniq_eustachio
D:7:      nicolae_overflow_hidden_temple
D:8:      old_standard_altar, basic_altar, uniq_joseph, uniq_prince_ribbit1
D:9:      overflow_temple_1_default, serial_shops, kennysheep_little_box
D:10:     uniq_harold
D:11:     lair_0_dummy, david_orc_2
Temple:   minmay_crystal_spiral_temple_12
Lair:1:   fungi_pond_lemuel
Lair:2:   dpeg_oklob_gauntlet, lemuel_fruit_fields, lemuel_fruit_tree
Lair:3:   minmay_swamp_entry_reptiles, lab_entry_generic, wad_woods_01
Lair:4:   kilobyte_rumbling_trees, bh_autumn_forest_stairs, uniq_maud,
          uniq_rupert
Orc:2:    basic_altar
Orc:3:    nicolae_orc_pool_cavern, okawaru_metal_pillars_1_2
Orc:4:    grunt_orc_tribal_feast, uniq_josephine
Elf:1:    eino_elf_arrival_customs, evilmike_minifort
Lab:      nicolae_lab_very_dead_end, labyrinth_skeletal_remains
Sewer:    sewer_frog_island_01
